 Dungeon Crawl Stone Soup version 0.30-a0-570-g486de37d69 (webtiles) character file.

Game seed: 2526946461868712258

102 rsvaco the Covered (level 4, -1/40 HPs)
             Began as a Minotaur Fighter on Dec 29, 2022.
             Was an Initiate of Ru.
             Killed from afar by an orc wizard (10 damage)
             ... with a puff of flame
             ... on level 3 of the Dungeon.
             The game lasted 00:06:39 (1327 turns).

rsvaco the Covered (Minotaur Fighter)               Turns: 1327, Time: 00:06:40

Health: -1/40      AC:  7    Str: 22    XL:     4   Next: 50%
Magic:  3/3        EV:  9    Int:  5    God:    Ru [......]
Gold:   60         SH:  4    Dex: 10    Spells: 3/3 levels left

rFire   . . .      SeeInvis .    a - +0 long sword
rCold   . . .      Faith    .    c - +0 buckler
rNeg    . . .      Spirit   .    b - +0 scale mail
rPois   .          Reflect  .    (helmet restricted)
rElec   .          Harm     .    (no cloak)
rCorr   .          Rampage  .    (no gloves)
Will    .....                    (no boots) Stlth
                                 (no amulet)
HPRegen 0.26/turn                (no ring)
MPRegen 0.08/turn                (no ring)

@: no status effects
A: horns 2, retaliatory headbutt
a: Renounce Religion, Sacrifice Nimbleness, Sacrifice Durability, Sacrifice a
Hand, Reject Sacrifices


You were on level 3 of the Dungeon.
You worshipped Ru.
Ru was noncommittal.
You visited 1 branch of the dungeon, and saw 3 of its levels.

You collected 60 gold pieces.

Inventory:

Hand Weapons
 a - a +0 long sword (weapon)
 m - a +0 sling
 n - a +0 war axe
Missiles
 g - 12 stones (quivered)
Armour
 b - a +0 scale mail (worn)
 c - a +0 buckler (worn)
 h - a +0 helmet
 p - a +0 ring mail
Magical Staves
 f - a staff of conjuration
Scrolls
 j - 2 scrolls of poison
 l - a scroll of teleportation {unknown}
Potions
 d - a potion of might
 e - a potion of berserk rage
 i - a potion of brilliance {unknown}
 k - a potion of curing {unknown}
 o - a potion of mutation {unknown}


   Skills:
 + Level 4.2 Fighting
 + Level 3.8 Long Blades
 + Level 4.4 Armour
 + Level 0.7 Dodging
 + Level 4.4 Shields


You had 3 spell levels left.
You didn't know any spells.
Your spell library was empty.

Dungeon Overview and Level Annotations

Branches:
Dungeon (2/15)

Altars:
Ru


Innate Abilities, Weirdness & Mutations

You have a pair of horns on your head.
You reflexively headbutt those who attack you in melee.


Message History

Something hits you but does no damage. The orc hits you but does no damage.
You are too injured to fight recklessly!
You are too injured to fight recklessly!
You bump into the metal wall.
You feel less confused. Something hits you but does no damage.
The orc hits you with a +0 short sword of speed.
You hit the orc.
The orc is almost dead.
Something hits you.
The orc hits you with a +0 short sword of speed.
You block the orc's attack.
You hear some strange, mumbled words.
Something tries to affect you, but you resist.
You hit the orc.
You kill the orc!
Something hits you. Something hits you but does no damage.
A magic dart appears from out of thin air!
The magic dart hits you!
* * * LOW HITPOINT WARNING * * *
An orc wizard appears from thin air!
Reactivating autopickup.
You are too injured to fight recklessly!
You are too injured to fight recklessly!
You are too injured to fight recklessly!
You completely miss the orc wizard.
You headbutt the orc wizard, but do no damage.
The orc wizard barely misses you.
You barely miss the orc wizard.
The orc wizard hits you but does no damage.
You hit the orc wizard.
The orc wizard is moderately wounded.
The orc wizard hits you but does no damage.
You block the orc wizard's attack.
You barely miss the orc wizard.
The orc wizard is moderately wounded.
The orc wizard gestures at you while chanting.
The puff of flame hits you!
You die...

#.[..... ####...... ..#.....
## #$..... .. ..... #.###
... ### ### ### #... #'#
##.###.###.###.#####
#.#######.o@............#(..
#.).....).##.###.###.##..#
#########.#...........#.#..#
#...##.###.##...#...
#.#.#.......#.#.##..
..[#...##.##...#..###
#.#.#.#.#...#.#.#.#...
#.#...#...#.).#.).###.
#.#.#.#...#.#.#)##


You could see an orc wizard.

Vanquished Creatures
  An orc priest (D:3)
  3 adders (D:2)
  A worm (D:2)
  4 orcs (D:3)
  2 ball pythons
  A bat skeleton (D:2)
  4 endoplasms
  3 giant cockroaches
  2 goblins
  3 hobgoblins (D:1)
  2 quokkas (D:1)
  4 bats
  5 frilled lizards
  A giant cockroach zombie (D:2)
  4 kobolds
  A quokka zombie (D:2)
  A rat (D:2)
42 creatures vanquished.

Notes
Turn   | Place    | Note
-------+----------+-------------------------------------------
     0 | D:1      | rsvaco the Minotaur Fighter began the quest for the Orb.
     0 | D:1      | Reached XP level 1. HP: 19/19 MP: 0/0
   153 | D:1      | Reached XP level 2. HP: 14/27 MP: 1/1
   237 | D:1      | Found a faded altar of an unknown god.
   248 | D:1      | Prayed at the altar of an unknown god.
   248 | D:1      | Became a worshipper of Ru the Awakened
  1005 | D:2      | Reached XP level 3. HP: 25/33 MP: 2/2
  1197 | D:2      | You fall into a shaft and drop 1 floor!
  1218 | D:3      | Reached XP level 4. HP: 34/40 MP: 3/3
  1327 | D:3      | Killed from afar by an orc wizard

Illustrated notes

Levels and vault maps discovered:
D:1:      minmay_arrival_four_houses, layout_basic,
          hellmonk_ecumenical_altar_arch_garden
D:2:      layout_basic, serial_undead, serial_undead_e, serial_undead_f,
          serial_undead_d, serial_undead_e, serial_shops, shop_fountains
D:3:      cheibrodos_helix_gallery, layout_basic,
          grunt_dithmenos_smoke_and_mirrors, lemuel_crystal_altar,
          tso_oasis_becter, nicolae_concentric_dashed_squares_mild, uniq_sigmund

Skill      XL: |  1  2  3 |
---------------+----------+-----
Shields        | 4 |  4.4
Armour         | 4 |  4.4
Fighting       | 4 |  4.2
Long Blades    | 3 |  3.8
Dodging        | |  0.7

Action                   |  1- 3 |  4- 6 || total
-------------------------+-------+-------++-------
Melee: Long sword        |    95 |    19 ||   114
       Headbutt          |    10 |     1 ||    11
Throw: Stone             |       |     2 ||     2
  Use: Scroll            |     1 |     1 ||     2
       Potion            |       |     1 ||     1
Armor: Scale mail        |    69 |    16 ||    85
Dodge: Dodged            |    71 |     2 ||    73
Block: Buckler           |    34 |     2 ||    36

Table legend: (Time is in decaauts)
 A = Elapsed time spent in this place.
 B = Non-inter-level travel time spent in this place.
 C = Inter-level travel time spent in this place.
 D = Time resting spent in this place.
 E = Time spent auto-exploring this place.
 F = Levels seen in this place.
 G = Mean time per level.
                   A        B        C        D        E       F      G
               +--------+--------+--------+--------+--------+-----+--------+
         Total |   1359 |   1357 |      2 |      0 |    840 |   3 |  453.0 |
       Dungeon |   1359 |   1357 |      2 |      0 |    840 |   3 |  453.0 |
               +--------+--------+--------+--------+--------+-----+--------+

Top non-repeatable levels by time:
     D:1: 1009 daAuts
     D:2: 213 daAuts
     D:3: 135 daAuts
